 Dungeon Crawl Stone Soup version 0.25.1-2-g60ff931df9 (webtiles) character file.

Game seed: 1344165669953615541

303 hawla the Chopper (level 6, -2/56 HPs)
             Began as a Hill Orc Monk on Oct 25, 2020.
             Slain by a water moccasin (6 damage)
             ... on level 3 of the Dungeon.
             The game lasted 00:05:56 (2593 turns).

hawla the Chopper (Hill Orc Monk)                   Turns: 2593, Time: 00:05:57

Health: -2/56      AC:  4    Str: 16    XL:     6   Next: 38%
Magic:  6/6        EV: 13    Int: 10    God:
Gold:   150        SH:  0    Dex: 13    Spells: 5/5 levels left

rFire    . . .     SeeInvis .   a - +0 hand axe
rCold    . . .     Gourm    .   (no shield)
rNeg     . . .     Faith    .   k - +2 robe {MR+}
rPois    .         Spirit   .   (no helmet)
rElec    .         Reflect  .   (no cloak)
rCorr    .         Harm     .   (no gloves)
MR       ++...                  (no boots)
Stlth    ++........             (no amulet)
HPRegen  0.18/turn              l - ring of protection from magic
MPRegen  0.10/turn              (no ring)

@: lethally poisoned (-2 -> -3)
A: no striking features
a: no special abilities


You were on level 3 of the Dungeon.
You were not hungry.

You visited 1 branch of the dungeon, and saw 3 of its levels.

You collected 150 gold pieces.

Inventory:

Hand Weapons
 a - a +0 hand axe (weapon)
Missiles
 p - 10 poisoned darts (quivered)
Armour
 g - a +0 robe of resistance
 k - a +2 robe of magic resistance (worn)
Jewellery
 l - a ring of protection from magic (left hand)
 n - an uncursed ring of ice
Wands
 e - a wand of enslavement (5)
Scrolls
 f - a scroll of identify
 h - a scroll of remove curse
 m - 3 scrolls of teleportation
Potions
 d - a potion of stabbing {unknown}
 j - a potion of heal wounds
Comestibles
 b - 2 chunks of flesh
 c - 3 rations


   Skills:
 + Level 5.1 Fighting
 + Level 6.4 Axes
 + Level 3.3 Dodging
 + Level 2.8 Stealth


You had 5 spell levels left.
You didn't know any spells.
Your spell library was empty.

Dungeon Overview and Level Annotations

Branches:
Dungeon (3/15)

Altars:


Message History

You feel sick.
You feel sick.
Some of the chunks of flesh in your inventory have rotted away.
You feel sick.
You feel sick.
You feel sick.
You feel sick.
You feel sick.
You feel sick.
You feel sick.
You feel sick.
You feel sick.
You feel sick.
You feel sick.
You feel sick.
You feel sick.
The water moccasin is no longer charmed.
The water moccasin bites you but does no damage.
The water moccasin bites you.
You die...

*,* *,,* *,,,,,, *,* *,,*
******* #,* *,,* * #.*
**##.,* * #.* *...,,* *
#.###.#**,* * #.....##*,***
* ##..#,.#*,,,* * ##
####.#@#.#,***,* * .#*
#.....S..#,***,* *** #,**
#.##.#........,* *,,
**.########.###.....####**
*,*
*#................##*******
*,*
##.######.#####......,,,,,,*
*,* #.#* #.# ##...###****,*
*,* .#* #.# #...# *,* *,* .#
####.######...#******,****,*


You could see a water moccasin.

Vanquished Creatures
  Sigmund (D:2)
  Terence (D:2)
  Robin (D:3)
  5 adders (D:2)
  An ooze (D:2)
  A dart slug (D:2)
  4 leopard geckos
  5 giant cockroaches
  17 goblins
  8 hobgoblins
  A quokka (D:2)
  A ball python (D:2)
  4 bats
  5 frilled lizards
  7 kobolds
  5 rats
67 creatures vanquished.

Notes
Turn   | Place    | Note
-------+----------+-------------------------------------------
     0 | D:1      | hawla the Hill Orc Monk began the quest for the Orb.
     0 | D:1      | Reached XP level 1. HP: 19/19 MP: 1/1
   209 | D:1      | Reached XP level 2. HP: 27/27 MP: 2/2
   868 | D:2      | Reached XP level 3. HP: 28/33 MP: 3/3
  1165 | D:2      | Noticed Sigmund
  1202 | D:2      | Killed Sigmund
  1202 | D:2      | Reached skill level 5 in Axes
  1202 | D:2      | Reached XP level 4. HP: 29/41 MP: 4/4
  1202 | D:2      | Reached XP level 5. HP: 33/47 MP: 5/5
  1399 | D:2      | Reached skill level 6 in Axes
  1465 | D:2      | Reached XP level 6. HP: 20/55 MP: 6/6
  1692 | D:2      | Noticed Terence
  1861 | D:2      | Killed Terence
  1861 | D:2      | Reached skill level 5 in Fighting
  2244 | D:3      | Noticed Robin
  2267 | D:3      | Killed Robin
  2537 | D:3      | Noticed a water moccasin
  2593 | D:3      | Slain by a water moccasin

Illustrated notes

Levels and vault maps discovered:
D:1:      matt_arrival_los_fun, layout_loops_ring
D:2:      kennysheep_six_static_rooms, layout_basic, minmay_heptomino_o4,
          uniq_sigmund, uniq_terence
D:3:      layout_loops_ring, nicolae_tso_swordbearing_angel, uniq_natasha,
          uniq_robin

Skill      XL: |  1  2  3  4  5  6 |
---------------+-------------------+-----
Fighting       | 4 5 |  5.1
Axes           | 5 6 |  6.4
Dodging        | 3 |  3.3
Stealth        | 2 |  2.8

Action                   |  1- 3 |  4- 6 || total
-------------------------+-------+-------++-------
Melee: Hand axe          |    88 |   158 ||   246
Evoke: Wand              |       |     2 ||     2
  Use: Potion            |     3 |     1 ||     4
       Scroll            |       |     6 ||     6
 Stab: Sleeping          |     4 |     4 ||     8
       Invisible         |     5 |       ||     5
  Eat: Chunk             |     1 |     5 ||     6
Armor: Robe              |    12 |    44 ||    56
Dodge: Dodged            |    65 |    88 ||   153
